TOP OF THE 1ST |
Altoona Curve batting - Pitching for Pensacola Blue Wahoos : LHP Katsusuke Suyama
|
Pitching: LHP Katsusuke Suyama
|
|
Batting: RHB Nelson Ozuna
|
0-0: Called Strike 0-1: Swinging Strike 0-2: Ball 1-2: Ball 2-2: Ball 3-2: Base on Balls
|
Batting: SHB Trevor Weareorwear
|
0-0: Ball 1-0: Ground out 1-3 (Groundball, 15S, EV 70.6 MPH) Nelson Ozuna to second
|
Batting: RHB Matt Keef
|
0-0: Ball 1-0: Ball 2-0: SINGLE (Line Drive, 8LS, EV 105.6 MPH) Nelson Ozuna to third
|
Batting: RHB Terry Sutherland
|
0-0: Ball 1-0: Ball 2-0: SINGLE (Flyball, 56D, EV 88.8 MPH) Nelson Ozuna scores Matt Keef to second
|
Batting: RHB Pedro Criollo
|
0-0: Ball 1-0: Foul Ball, location: 2F 1-1: Called Strike 1-2: Ball 2-2: Ball 3-2: Base on Balls Matt Keef to third Terry Sutherland to second
|
Batting: LHB Jesse Henly
|
0-0: Ball 1-0: Swinging Strike 1-1: Ball 2-1: Fielders Choice at 2nd, 5-4 (Groundball, 56, EV 82.5 MPH) Matt Keef scores Terry Sutherland to third
|
Batting: RHB Brian Moore
|
0-0: Ball 1-0: Fly out, F8 (Line Drive, 8LD, EV 87.5 MPH)
|
Top of the 1st over - 2 runs, 2 hits, 0 errors, 2 left on base; Altoona 2 - Pensacola 0 |
BOTTOM OF THE 1ST |
Pensacola Blue Wahoos batting - Pitching for Altoona Curve : RHP Derek White
|
Pitching: RHP Derek White
|
|
Batting: RHB Solange Le Coq
|
0-0: Called Strike 0-1: Ball 1-1: Foul Ball, location: 2F 1-2: Strikes out looking
|
Batting: RHB Ricky Carbajal
|
0-0: Ball 1-0: Ball 2-0: Foul Ball, location: 2F 2-1: Swinging Strike 2-2: Ball 3-2: Fly out, F9 (Flyball, 9S, EV 91.9 MPH)
|
Batting: RHB Joseph Kirchmann
|
0-0: Fly out, F8 (Line Drive, 8LM, EV 94.4 MPH)
|
Bottom of the 1st over - 0 runs, 0 hits, 0 errors, 0 left on base; Altoona 2 - Pensacola 0 |
TOP OF THE 2ND |
Altoona Curve batting - Pitching for Pensacola Blue Wahoos : LHP Katsusuke Suyama
|
Batting: RHB Keiji Nakajima
|
0-0: Ball 1-0: Ball 2-0: Ground out 6-3 (Groundball, 6, EV 92.5 MPH)
|
Batting: SHB Jerry Massey
|
0-0: Ball 1-0: Swinging Strike 1-1: Foul Ball, location: 2F 1-2: Foul Ball, location: 2F 1-2: Foul Ball, location: 2F 1-2: Ground out 4-3 (Groundball, 4S, EV 85.6 MPH)
|
Batting: RHB Nelson Ozuna
|
0-0: Ground out 1-3 (Groundball, 15S, EV 69.4 MPH)
|
Top of the 2nd over - 0 runs, 0 hits, 0 errors, 0 left on base; Altoona 2 - Pensacola 0 |
BOTTOM OF THE 2ND |
Pensacola Blue Wahoos batting - Pitching for Altoona Curve : RHP Derek White
|
Batting: LHB Steven Wamble
|
0-0: Foul Ball, location: 2F 0-1: Swinging Strike 0-2: Foul Ball, location: 2F 0-2: Ball 1-2: Strikes out swinging
|
Batting: LHB Manny Ruvalcaba
|
0-0: Called Strike 0-1: Foul Ball, location: 2F 0-2: Ball 1-2: Ball 2-2: Strikes out swinging
|
Batting: RHB Jon Marquez
|
0-0: SINGLE (Groundball, 6S, EV 70.6 MPH) (infield hit)
|
Batting: RHB Steve Anderson
|
0-0: Called Strike 0-1: Fielders Choice at 2nd, 6-4 (Groundball, 6, EV 103.8 MPH)
|
Bottom of the 2nd over - 0 runs, 1 hit, 0 errors, 1 left on base; Altoona 2 - Pensacola 0 |
TOP OF THE 3RD |
Altoona Curve batting - Pitching for Pensacola Blue Wahoos : LHP Katsusuke Suyama
|
Batting: SHB Trevor Weareorwear
|
0-0: Foul Ball, location: 2F 0-1: Foul Ball, location: 2F 0-2: Ball 1-2: Foul Ball, location: 2F 1-2: Ball 2-2: Ground out 6-3 (Groundball, 6, EV 87.5 MPH)
|
Batting: RHB Matt Keef
|
0-0: Called Strike 0-1: Ball 1-1: Called Strike 1-2: Foul Ball, location: 2F 1-2: DOUBLE (Flyball, 89D, EV 100.6 MPH)
|
Batting: RHB Terry Sutherland
|
0-0: Ball 1-0: Called Strike 1-1: Ball Wild Pitch! Matt Keef to third 2-1: Ball 3-1: Fly out, F5 (Flyball, 56D, EV 90.0 MPH)
|
Batting: RHB Pedro Criollo
|
0-0: Ball 1-0: Ball 2-0: Ball 3-0: Called Strike 3-1: Foul Ball, location: 2F 3-2: Strikes out swinging
|
Top of the 3rd over - 0 runs, 1 hit, 0 errors, 1 left on base; Altoona 2 - Pensacola 0 |
BOTTOM OF THE 3RD |
Pensacola Blue Wahoos batting - Pitching for Altoona Curve : RHP Derek White
|
Batting: RHB Ernie Noiles
|
0-0: Swinging Strike 0-1: Ball 1-1: Swinging Strike 1-2: Hit by Pitch
|
Batting: LHB James Himes
|
0-0: Called Strike 0-1: Foul Ball, location: 2F 0-2: Fly out, F5 (Popup, 25F, EV 85.0 MPH)
|
Batting: RHB Solange Le Coq
|
0-0: Called Strike 0-1: Foul Ball, location: 2F 0-2: Fly out, F7 (Flyball, 78S, EV 85.6 MPH)
|
Batting: RHB Ricky Carbajal
|
0-0: Ball 1-0: Fielders Choice at 2nd, 6-4 (Groundball, 6, EV 91.2 MPH)
|
Bottom of the 3rd over - 0 runs, 0 hits, 0 errors, 1 left on base; Altoona 2 - Pensacola 0 |
TOP OF THE 4TH |
Altoona Curve batting - Pitching for Pensacola Blue Wahoos : LHP Katsusuke Suyama
|
Batting: LHB Jesse Henly
|
0-0: Called Strike 0-1: Ground out 6-3 (Groundball, 6, EV 81.2 MPH)
|
Batting: RHB Brian Moore
|
0-0: Called Strike 0-1: Foul Ball, location: 2F 0-2: Ball 1-2: Strikes out swinging
|
Batting: RHB Keiji Nakajima
|
0-0: Foul Ball, location: 2F 0-1: Ball 1-1: Called Strike 1-2: Foul Ball, location: 2F 1-2: SINGLE (Groundball, 6S, EV 73.1 MPH) (infield hit)
|
Batting: SHB Jerry Massey
|
0-0: Called Strike 0-1: Reached on error, E6 (Groundball, 6, EV 86.2 MPH) Keiji Nakajima to second
|
Batting: RHB Nelson Ozuna
|
0-0: Ball 1-0: Foul Ball, location: 2F 1-1: Ball 2-1: SINGLE (Groundball, 56S, EV 68.1 MPH) (infield hit) Keiji Nakajima to third Jerry Massey to second
|
Batting: SHB Trevor Weareorwear
|
0-0: Called Strike 0-1: Ball 1-1: Ball 2-1: Ball 3-1: Fly out, F6 (Flyball, 56D, EV 89.4 MPH)
|
Top of the 4th over - 0 runs, 2 hits, 1 error, 3 left on base; Altoona 2 - Pensacola 0 |
BOTTOM OF THE 4TH |
Pensacola Blue Wahoos batting - Pitching for Altoona Curve : RHP Derek White
|
Batting: RHB Joseph Kirchmann
|
0-0: Ball 1-0: Swinging Strike 1-1: SINGLE (Line Drive, 9S, EV 105.0 MPH)
|
Batting: LHB Steven Wamble
|
0-0: Ball 1-0: Called Strike 1-1: Called Strike 1-2: Ball 2-2: Foul Ball, location: 2F 2-2: Ball 3-2: DOUBLE (Flyball, 8LXD, EV 94.4 MPH) Joseph Kirchmann to third Joseph Kirchmann scores
|
Batting: LHB Manny Ruvalcaba
|
0-0: Ball 1-0: Ball 2-0: Ball 3-0: Base on Balls
|
Batting: RHB Jon Marquez
|
0-0: Called Strike 0-1: Foul Ball, location: 2F 0-2: Ball 1-2: Ball 2-2: Foul Ball, location: 2F 2-2: Foul Ball, location: 2F 2-2: Foul Ball, location: 2F 2-2: Ball 3-2: Strikes out looking
|
Batting: RHB Steve Anderson
|
0-0: Called Strike 0-1: Ball 1-1: Swinging Strike 1-2: Ball 2-2: Fly out, F8 (Flyball, 8RS, EV 88.1 MPH)
|
Batting: RHB Ernie Noiles
|
0-0: Ball 1-0: Foul Ball, location: 2F 1-1: Foul Ball, location: 2F 1-2: Ball 2-2: Foul Ball, location: 2F 2-2: Ball 3-2: Foul Ball, location: 2F 3-2: Foul Ball, location: 2F 3-2: Base on Balls Steven Wamble to third Manny Ruvalcaba to second
|
Batting: LHB James Himes
|
0-0: Ball 1-0: Called Strike 1-1: Called Strike 1-2: Ball 2-2: Ball 3-2: Strikes out swinging
|
Bottom of the 4th over - 1 run, 2 hits, 0 errors, 3 left on base; Altoona 2 - Pensacola 1 |
TOP OF THE 5TH |
Altoona Curve batting - Pitching for Pensacola Blue Wahoos : LHP Katsusuke Suyama
|
Batting: RHB Matt Keef
|
0-0: Foul Ball, location: 2F 0-1: Foul Ball, location: 2F 0-2: Foul Ball, location: 2F 0-2: Ball 1-2: Ball 2-2: Strikes out swinging
|
Batting: RHB Terry Sutherland
|
0-0: Ball 1-0: Ground out 6-3 (Groundball, 6, EV 106.9 MPH)
|
Batting: RHB Pedro Criollo
|
0-0: Called Strike 0-1: Ball 1-1: Ball 2-1: Ball 3-1: Ground out 6-3 (Groundball, 6, EV 101.9 MPH)
|
Top of the 5th over - 0 runs, 0 hits, 0 errors, 0 left on base; Altoona 2 - Pensacola 1 |
BOTTOM OF THE 5TH |
Pensacola Blue Wahoos batting - Pitching for Altoona Curve : RHP Derek White
|
Batting: RHB Solange Le Coq
|
0-0: Ball 1-0: Swinging Strike 1-1: Called Strike 1-2: Ball 2-2: Foul Ball, location: 2F 2-2: Ball 3-2: Strikes out swinging
|
Pitching: RHP Albert Carrero
|
|
Batting: RHB Ricky Carbajal
|
0-0: Called Strike 0-1: SINGLE (Groundball, 56S, EV 68.8 MPH) (infield hit)
|
Batting: RHB Joseph Kirchmann
|
0-0: Ball Ricky Carbajal steals 2nd base 1-0: Ball 2-0: Ball 3-0: Called Strike 3-1: Called Strike 3-2: Strikes out swinging
|
Batting: LHB Steven Wamble
|
0-0: Ball 1-0: Called Strike 1-1: SINGLE (Groundball, 34D, EV 103.1 MPH) Ricky Carbajal to third Runner from 3rd tries for Home, throw by RF and OUT! 9-2
|
Bottom of the 5th over - 0 runs, 2 hits, 0 errors, 1 left on base; Altoona 2 - Pensacola 1 |
TOP OF THE 6TH |
Altoona Curve batting - Pitching for Pensacola Blue Wahoos : LHP Katsusuke Suyama
|
Batting: LHB Jesse Henly
|
0-0: Foul Ball, location: 2F 0-1: Swinging Strike 0-2: Ball 1-2: Ball 2-2: Strikes out swinging
|
Batting: RHB Brian Moore
|
0-0: Foul Ball, location: 2F 0-1: SINGLE (Groundball, 6MD, EV 105.0 MPH)
|
Batting: RHB Keiji Nakajima
|
0-0: Called Strike 0-1: Called Strike 0-2: Ball 1-2: Ball 2-2: Foul Ball, location: 2F 2-2: Ball Wild Pitch! Brian Moore to second 3-2: SINGLE (Groundball, 23, EV 68.1 MPH) (infield hit) Brian Moore to third
|
Batting: SHB Jerry Massey
|
0-0: Ball 1-0: Called Strike 1-1: Called Strike 1-2: Strikes out swinging
|
Batting: RHB Nelson Ozuna
|
0-0: Ball 1-0: Ball 2-0: Ball 3-0: Base on Balls Keiji Nakajima to second
|
Pitching: LHP Brian Whittall
|
|
Batting: SHB Trevor Weareorwear
|
0-0: Ball 1-0: Foul Ball, location: 2F 1-1: Ball 2-1: Ball 3-1: Ground out 4-3 (Groundball, 4S, EV 82.5 MPH)
|
Top of the 6th over - 0 runs, 2 hits, 0 errors, 3 left on base; Altoona 2 - Pensacola 1 |
BOTTOM OF THE 6TH |
Pensacola Blue Wahoos batting - Pitching for Altoona Curve : RHP Albert Carrero
|
Batting: LHB Manny Ruvalcaba
|
0-0: Swinging Strike 0-1: Foul Ball, location: 2F 0-2: Strikes out looking
|
Batting: RHB Jon Marquez
|
0-0: Ground out 6-3 (Groundball, 6, EV 100.0 MPH)
|
Batting: RHB Steve Anderson
|
0-0: Called Strike 0-1: Ball 1-1: Foul Ball, location: 2F 1-2: Strikes out swinging
|
Bottom of the 6th over - 0 runs, 0 hits, 0 errors, 0 left on base; Altoona 2 - Pensacola 1 |
TOP OF THE 7TH |
Altoona Curve batting - Pitching for Pensacola Blue Wahoos : LHP Brian Whittall
|
Batting: RHB Matt Keef
|
0-0: Ball 1-0: Ball 2-0: Called Strike 2-1: DOUBLE (Line Drive, 5D, EV 96.9 MPH)
|
Batting: RHB Terry Sutherland
|
0-0: Intentional Walk
|
Batting: RHB Pedro Criollo
|
0-0: Called Strike 0-1: Foul Ball, location: 2F 0-2: Ball 1-2: Fly out, F8 (Flyball, 8RM, EV 93.1 MPH)
|
Batting: LHB Jesse Henly
|
0-0: Called Strike 0-1: Fly out, F8 (Flyball, 8LD, EV 91.2 MPH)
|
Batting: RHB Brian Moore
|
0-0: Ground out 2-3 (Groundball, 2R, EV 70.0 MPH)
|
Top of the 7th over - 0 runs, 1 hit, 0 errors, 2 left on base; Altoona 2 - Pensacola 1 |
BOTTOM OF THE 7TH |
Pensacola Blue Wahoos batting - Pitching for Altoona Curve : RHP Albert Carrero
|
Batting: RHB Ernie Noiles
|
0-0: Called Strike 0-1: Fly out, F8 (Flyball, 78D, EV 93.1 MPH)
|
Batting: LHB James Himes
|
0-0: Ball 1-0: Ball 2-0: Called Strike 2-1: Fly out, F7 (Flyball, 78S, EV 93.1 MPH)
|
Batting: RHB Solange Le Coq
|
0-0: Ball 1-0: Ball 2-0: Called Strike 2-1: DOUBLE (Groundball, 5L, EV 107.5 MPH)
|
Batting: RHB Ricky Carbajal
|
0-0: Ball 1-0: Fly out, F3 (Popup, 3S, EV 83.8 MPH)
|
Bottom of the 7th over - 0 runs, 1 hit, 0 errors, 1 left on base; Altoona 2 - Pensacola 1 |
TOP OF THE 8TH |
Altoona Curve batting - Pitching for Pensacola Blue Wahoos : LHP Brian Whittall
|
Pitching: RHP Mario Quezada
|
|
Batting: RHB Keiji Nakajima
|
0-0: Ball 1-0: Called Strike 1-1: SINGLE (Line Drive, 89M, EV 108.1 MPH)
|
Batting: SHB Jerry Massey
|
0-0: Ball 1-0: Foul Ball, location: 2F 1-1: Called Strike Keiji Nakajima steals 2nd base (no throw) 1-2: Ball 2-2: Ball 3-2: Fly out, F7 (Flyball, 7LM, EV 91.2 MPH)
|
Batting: RHB Nelson Ozuna
|
0-0: Swinging Strike 0-1: Swinging Strike 0-2: Ground out 6-3 (Groundball, 6, EV 86.9 MPH)
|
Batting: SHB Trevor Weareorwear
|
0-0: Called Strike 0-1: Ball 1-1: Ball 2-1: Ball 3-1: Foul Ball, location: 2F 3-2: SINGLE (Line Drive, 4D, EV 100.6 MPH) Keiji Nakajima to third Runner from 3rd tries for Home, SAFE, throw by RF to home Trevor Weareorwear to second
|
Batting: RHB Matt Keef
|
0-0: Called Strike 0-1: Ball 1-1: Ball 2-1: Ball 3-1: Called Strike 3-2: DOUBLE (Flyball, 89D, EV 99.4 MPH) Trevor Weareorwear scores
|
Batting: RHB Terry Sutherland
|
0-0: Ball 1-0: Ball 2-0: Called Strike 2-1: Swinging Strike 2-2: Ball 3-2: Foul Ball, location: 2F 3-2: Strikes out swinging
|
Top of the 8th over - 2 runs, 3 hits, 0 errors, 1 left on base; Altoona 4 - Pensacola 1 |
BOTTOM OF THE 8TH |
Pensacola Blue Wahoos batting - Pitching for Altoona Curve : RHP Albert Carrero
|
Pitching: RHP Robby Poyfair
|
|
Batting: RHB Joseph Kirchmann
|
0-0: Swinging Strike 0-1: Ball 1-1: Ball 2-1: Ball 3-1: SINGLE (Groundball, 13S, EV 66.9 MPH) (infield hit)
|
Batting: LHB Steven Wamble
|
0-0: Ball 1-0: Swinging Strike 1-1: Swinging Strike 1-2: Ball 2-2: Foul Ball, location: 2F 2-2: Strikes out swinging
|
Batting: LHB Manny Ruvalcaba
|
0-0: DOUBLE (Line Drive, 3D, EV 97.5 MPH) Joseph Kirchmann to third Runner from 3rd tries for Home, SAFE, throw by RF to trailing runner, OUT at third! 9-3-5
|
Batting: RHB Jon Marquez
|
0-0: Ball 1-0: Called Strike 1-1: Called Strike 1-2: DOUBLE (Line Drive, 9LS, EV 94.4 MPH)
|
Batting: RHB Steve Anderson
|
0-0: SINGLE (Flyball, 9S, EV 88.1 MPH) Jon Marquez to third Runner from 3rd tries for Home, SAFE, throw by RF to home
|
Batting: RHB Ernie Noiles
|
0-0: Called Strike 0-1: Ball 1-1: Foul Ball, location: 2F 1-2: Strikes out swinging
|
Bottom of the 8th over - 2 runs, 4 hits, 0 errors, 1 left on base; Altoona 4 - Pensacola 3 |
TOP OF THE 9TH |
Altoona Curve batting - Pitching for Pensacola Blue Wahoos : RHP Mario Quezada
|
Pitching: RHP Brett Cooke
|
|
Batting: RHB Pedro Criollo
|
0-0: Ball 1-0: Swinging Strike 1-1: Foul Ball, location: 2F 1-2: Ball 2-2: Foul Ball, location: 2F 2-2: Foul Ball, location: 2F 2-2: Foul Ball, location: 2F 2-2: Fly out, F4 (Line Drive, 4, EV 65.0 MPH)
|
Batting: LHB Jesse Henly
|
0-0: Called Strike 0-1: Swinging Strike 0-2: Ball 1-2: Ball 2-2: Ball 3-2: Strikes out swinging
|
Batting: RHB Brian Moore
|
0-0: Called Strike 0-1: Ball 1-1: Foul Ball, location: 2F 1-2: SINGLE (Line Drive, 9LS, EV 96.2 MPH)
|
Batting: RHB Keiji Nakajima
|
0-0: Ball 1-0: Swinging Strike 1-1: Foul Ball, location: 2F 1-2: Foul Ball, location: 2F 1-2: Ball 2-2: Fly out, F8 (Line Drive, 8RD, EV 103.8 MPH)
|
Top of the 9th over - 0 runs, 1 hit, 0 errors, 1 left on base; Altoona 4 - Pensacola 3 |
BOTTOM OF THE 9TH |
Pensacola Blue Wahoos batting - Pitching for Altoona Curve : RHP Robby Poyfair
|
Pitching: LHP Jimmy Vanthournoutingtonle
|
|
Now at 1B: Aito Harada
|
|
Now in LF: Yoshiaki Tsutsui
|
|
Pinch Hitting: RHB David Clough
|
0-0: Ball 1-0: Ball 2-0: Called Strike 2-1: Swinging Strike 2-2: Strikes out swinging
|
Batting: RHB Solange Le Coq
|
0-0: Ball 1-0: Ball 2-0: Ground out 5-3 (Groundball, 5S, EV 63.8 MPH)
|
Batting: RHB Ricky Carbajal
|
0-0: Called Strike 0-1: Ball 1-1: Foul Ball, location: 2F 1-2: Ball 2-2: Strikes out swinging
|
Bottom of the 9th over - 0 runs, 0 hits, 0 errors, 0 left on base; Altoona 4 - Pensacola 3 |
|